 Dungeon Crawl Stone Soup version 0.28.0-53-g5a82cb258f (webtiles) character file.

Game seed: 6835278339019925686

1 nightchill the Skirmisher (level 1, 18/18 HPs)
             Began as a Formicid Abyssal Knight on Aug 4, 2022.
             Was an Initiate of Lugonu.
             Quit the game on level 1 of the Dungeon.
             The game lasted 00:00:55 (102 turns).

nightchill the Skirmisher (Formicid Abyssal Knight)  Turns: 102, Time: 00:00:56

Health: 18/18      AC:  3    Str: 17    XL:     1   Next: 22%
Magic:  2/2        EV: 11    Int:  9    God:    Lugonu [......]
Gold:   0          SH:  0    Dex: 11    Spells: 0/0 levels left

rFire   . . .      SeeInvis +   a - +1 hand axe
rCold   . . .      Faith    .   (no shield)
rNeg    . . .      Spirit   .   b - +0 leather armour
rPois   .          Reflect  .   (helmet unavailable)
rElec   .          Harm     .   (no cloak)
rCorr   .          Rampage  .   (no gloves)
Will    .....                   (no boots)
Stlth   +.........              (no amulet)
HPRegen 0.06/turn               (no ring)
MPRegen 0.08/turn               (no ring)

@: no status effects
A: permanent stasis, dig shafts and tunnels, antennae 3, four strong arms
a: Dig, Shaft Self, Renounce Religion


You were on level 1 of the Dungeon.
You worshipped Lugonu.
Lugonu was noncommittal.
You visited 1 branch of the dungeon, and saw 1 of its levels.
You visited the Abyss 1 time.

Inventory:

Hand Weapons
 a - a +1 hand axe (weapon)
Armour
 b - a +0 leather armour (worn)


   Skills:
 + Level 3.3 Fighting
 * Level 2.0 Axes
 - Level 2.1 Armour
 - Level 0.8 Dodging
 + Level 2.2 Invocations


You couldn't memorise any spells.
You didn't know any spells.
Your spell library was empty.

Dungeon Overview and Level Annotations

Branches:
Dungeon (1/15)

Altars:


Innate Abilities, Weirdness & Mutations

You cannot be hasted, slowed, berserked, paralysed or teleported.
You can dig through walls and to a lower floor.
You have a pair of large antennae on your head. (SInv)
Your four strong arms can wield two-handed weapons with a shield.


Message History

You feel drawn to the Orb of Zot, downwards into the unfathomable depths...
Lugonu says: Depart the Abyss and spread corruption, my servant! (use the ability menu to exit the Abyss) Press ? for a list of commands and other information.
Found a corrupted altar of Lugonu.
Okay, then.
Unknown command.
An ancient zyme comes into view.
You feel yourself growing ill in the presence of the ancient zyme.
You pass through the gate.
You can no longer depart the Abyss at will.
Found 17 arrows.
There is a staircase leading out of the dungeon here.
You start resting.
Magic restored.
You open the door.
There is an open door here.
Found a hunting sling.
Found a stone staircase leading down.
You see here a +0 hunting sling.
A bat comes into view.
A bat is nearby!
The bat hits you but does no damage.
You slash the bat!
You kill the bat!
Lugonu accepts your kill.
No target in view!
No target in view!
A rat comes into view.
Found 29 sling bullets.
The rat moves out of view.
Found a dagger.
You hit the rat.
The rat is moderately wounded.
The rat barely misses you.
You slash the rat!
You kill the rat!
Lugonu accepts your kill.
You see here a rat corpse.
Okay, then.
Unknown command.
Are you sure you want to abandon this character and quit the game? (Confirm with "yes".)

##.##.........
...#.......?.#
{..#.........#
...........#
#.........)#
#..........
#......... ##
#####.@##.#####...
...................
###...#+##........(
...................
...........########
...........#
.#.........#
#.###..†..#
#.....#######


There were no monsters in sight!

Vanquished Creatures
  A bat (D:1)
  A rat (D:1)
2 creatures vanquished.

Notes
Turn   | Place    | Note
-------+----------+-------------------------------------------
     0 | Abyss:1  | nightchill the Formicid Abyssal Knight began the quest for
                  | the Orb.
     0 | Abyss:1  | Reached XP level 1. HP: 18/18 MP: 2/2
    61 | Abyss:1  | Noticed an ancient zyme
    63 | D:1      | Escaped the Abyss
   102 | D:1      | Quit the game

Illustrated notes

Levels and vault maps discovered:
D:1:      sevenhm_arrival_forest_fort_small_6, layout_basic

Action                   || total
-------------------------++-------
Melee: Hand axe          ||     3
Invok: Depart the Abyss  ||     1
Armor: Leather armour    ||     1
Dodge: Dodged            ||     1
